 Dungeon Crawl Stone Soup version 0.27-a0-1087-gf39c287674 (webtiles) character file.

Game seed: 9187050631306911520

2 Gaff the Insei (level 1, 12/17 HPs)
             Began as a Djinni Transmuter on Apr 26, 2021.
             Got out of the dungeon alive.
             The game lasted 00:00:54 (104 turns).

Gaff the Insei (Djinni Transmuter)                   Turns: 104, Time: 00:00:54

Health: 12/17      AC:  2    Str:  9    XL:     1   Next: 40%
Gold:   14         EV: 12    Int: 14    God:
                   SH:  0    Dex: 13

rFire    + + .     SeeInvis .     - Unarmed
rCold    x . .     Faith    .   (no shield)
rNeg     . . .     Spirit   .   a - +0 robe
rPois    ∞         Reflect  .   (no helmet)
rElec    .         Harm     .   (no cloak)
rCorr    .         Rampage  .   (no gloves)
Will     .....                  (boots unavailable)
Stlth    +.........             (no amulet)
HPRegen  0.05/turn              (no ring)
MPRegen  0.00/turn              (no ring)

@: flying
A: fire resistance 2, cold vulnerability 1, float, innate caster, hp casting,
extra vitality 1
a: no special abilities


You escaped.
You visited 1 branch of the dungeon, and saw 1 of its levels.

You collected 14 gold pieces.

Inventory:

Armour
 a - a +0 robe (worn)


   Skills:
 + Level 1.0 Fighting
 + Level 2.3 Dodging
 + Level 3.1 Unarmed Combat
 + Level 1.7 Spellcasting


You couldn't memorise any spells.
You knew the following spells:

 Your Spells              Type           Power      Damage    Failure   Level
a - Beastly Appendage     Tmut           12%        N/A       12%         1
b - Wereblood             Tmut           6%         N/A       19%         2
c - Spider Form           Tmut/Pois      3%         N/A       34%         3
d - Ice Form              Ice/Tmut       6%         N/A       75%         4
e - Hydra Form            Tmut           3%         N/A       97%         5
Your spell library was empty.

Dungeon Overview and Level Annotations

Branches:
Dungeon (1/15)

Altars:


Innate Abilities, Weirdness & Mutations

You are immune to poison.
Your flesh is very heat resistant. (rF++)
You are vulnerable to cold. (rC-)
You float through the air rather than walking.
You learn spells naturally, not from books.
Your magical power is your life essence.
You have superior vitality. (+4 HP)


Message History

The bat misses you. The bat barely misses you. The bat misses you.
You closely miss the bat. The bat closely misses you.
Your transformation is almost over.
The bat barely misses you. The bat hits you but does no damage.
The bat closely misses you. The bat hits you but does no damage.
The bat closely misses you.
You miss the bat. The bat hits you but does no damage. The bat hits you.
You closely miss the bat. The bat misses you. The bat closely misses you.
The bat hits you but does no damage. The bat closely misses you.
You hit the bat but do no damage. Your headbutt misses the bat.
The bat misses you. The bat misses you.
Your horns disappear.
The bat hits you but does no damage. The bat closely misses you.
The bat closely misses you. The bat barely misses you.
Casting: Beastly Appendage (safe; 12% risk of failure)
Press: ? - help, Q - select action, (/) - cycle Dir - look around, f - activate You grow a pair of large bovine horns.
The bat hits you but does no damage. The bat hits you but does no damage.
The bat barely misses you.
You hit the bat but do no damage. You headbutt the bat.
You kill the bat!
You see here a bat corpse.
Casting: Beastly Appendage (safe; 12% risk of failure)
Confirm with . or Enter, or press ? or * to list all spells.
Okay, then.
Your transformation is almost over.
There is a stone staircase leading down here.
Your horns disappear.
There is a staircase leading out of the dungeon here.
Are you sure you want to leave the Dungeon?
This will make you lose the game! [Y]es or [N]o only, please.
Are you sure you want to leave the Dungeon?
This will make you lose the game!
You have escaped!

... ##.# .. #
#########
#.......#
........+ ###
#.......# ###@#
#.......# ###..##
##.#########...##
#..# ###....##
##.####.....##
#.##......##
#........##
#.......##
#......##


There were no monsters in sight!

Vanquished Creatures
  A bat (D:1)
  An endoplasm (D:1)
2 creatures vanquished.

Notes
Turn   | Place    | Note
-------+----------+-------------------------------------------
     0 | D:1      | Gaff the Djinni Transmuter began the quest for the Orb.
     0 | D:1      | Reached XP level 1. HP: 17/17 MP: 0/0
   104 | D:$      | Got out of the dungeon alive.

Illustrated notes

Levels and vault maps discovered:
D:1:      minmay_arrival_pointy, layout_basic

Action                   || total
-------------------------++-------
Melee: Unarmed           ||    14
       Headbutt          ||     1
 Cast: Beastly Appendage ||     4
Armor: Robe              ||    12
Dodge: Dodged            ||    25

Table legend: (Time is in decaauts)
 A = Elapsed time spent in this place.
 B = Non-inter-level travel time spent in this place.
 C = Inter-level travel time spent in this place.
 D = Time resting spent in this place.
 E = Time spent auto-exploring this place.
 F = Levels seen in this place.
 G = Mean time per level.
                   A        B        C        D        E       F      G
               +--------+--------+--------+--------+--------+-----+--------+
         Total |    103 |     70 |     33 |      0 |      0 |   1 |  103.0 |
       Dungeon |    103 |     70 |     33 |      0 |      0 |   1 |  103.0 |
               +--------+--------+--------+--------+--------+-----+--------+

Top non-repeatable levels by time:
     D:1: 103 daAuts
